 Dungeon Crawl Stone Soup version 0.29.1-4-g47bece8355 (webtiles) character file.

Game seed: 8509459271825414432

673 concernfroge the Fighter (level 7, -4/63 HPs)
             Began as a Mummy Monk on Dec 4, 2022.
             Was an Initiate of Gozag.
             Slain by a wight
             ... wielding a +4 trident
              (5 damage)
             ... on level 5 of the Dungeon.
             The game lasted 00:11:42 (4749 turns).

concernfroge the Fighter (Mummy Monk)               Turns: 4749, Time: 00:11:43

Health: -4/63      AC: 16    Str: 22    XL:     7   Next: 33%
Magic:  7/7        EV:  8    Int:  9    God:    Gozag
Gold:   286        SH:  0    Dex: 15    Spells: 6/6 levels left

rFire   x . .      SeeInvis .   g - +1 war axe (elec)
rCold   + . .      Faith    .   (no shield)
rNeg    + + +      Spirit   .   r - +0 chain mail
rPois   ∞          Reflect  .   c - +1 helmet
rElec   .          Harm     .   (no cloak)
rCorr   .          Rampage  .   (no gloves)
Will    .....                   v - +1 pair of boots
Stlth   ..........              (no amulet)
HPRegen 0.20/turn               i - +4 ring of protection
MPRegen 0.10/turn               n - +6 ring of strength

@: weak-willed, gold aura
A: cold resistance 1, negative energy resistance 3, torment resistance 2, heat
vulnerability 1, in touch with death 1, no potions
a: Renounce Religion, Potion Petition, Call Merchant, Bribe Branch


You were on level 5 of the Dungeon.
You worshipped Gozag.
Gozag was aware of your devotion.
You visited 2 branches of the dungeon, and saw 6 of its levels.
You also visited: Sewer.

You collected 286 gold pieces.

Inventory:

Hand Weapons
 a - a +0 spear
 g - a +1 war axe of electrocution (weapon)
Missiles
 h - 4 poisoned darts (quivered)
 k - 10 boomerangs
 l - a silver boomerang
Armour
 c - a +1 helmet (worn)
 r - a +0 chain mail (worn)
 v - a +1 pair of boots (worn)
Jewellery
 i - a +4 ring of protection (left hand)
 m - a ring of fire
 n - a +6 ring of strength (right hand)
Wands
 p - a wand of charming (5)
Scrolls
 b - 2 scrolls of amnesia
 d - 2 scrolls of fog
 e - a scroll of fear
 f - a scroll of vulnerability
 j - a scroll of immolation
 o - 3 scrolls of brand weapon {unknown}
 u - 2 scrolls of noise {unknown}


   Skills:
 + Level 8.6 Fighting
 - Level 2.4 Polearms
 - Level 2.4 Dodging
 - Level 1.5 Stealth


You had 6 spell levels left.
You didn't know any spells.
Your spell library contained the following spells:

 Spells                   Type           Power      Damage    Failure   Level
 Chain Lightning          Conj/Air       0%         N/A       100%        9
 Fire Storm               Conj/Fire      0%         5d1       100%        9
 Shatter                  Erth           0%         3d5*      100%        9


Dungeon Overview and Level Annotations

Branches:
Dungeon (5/15)             Temple (1/1) D:4           Sewer (visited)

Altars:
Ashenzari
Cheibriados
Dithmenos
Fedhas
Gozag
Hepliaklqana
Kikubaaqudgha
Makhleb
Nemelex Xobeh
Qazlal
Ru
Sif Muna
Trog
Xom
Yredelemnul

Annotations:
D:2 1 runed translucent door, Crazy Yiuf
D:4 Pargi


Innate Abilities, Weirdness & Mutations

You are immune to poison.
Your flesh is cold resistant. (rC+)
You are immune to negative energy. (rN+++)
You are immune to unholy pain and torment.
You are vulnerable to heat. (rF-)
You are in touch with the powers of death.
You do not drink.


Message History

You hit the wight but do no damage.
The wight hits you from afar with a +4 trident.
The wight hits you with a +0 morningstar.
The wight closely misses you.
You barely miss the wight.
The wight hits you with a +0 morningstar.
* * * LOW HITPOINT WARNING * * *
The wight hits you but does no damage.
The wight hits you with a +0 morningstar.
* * * LOW HITPOINT WARNING * * *
The wight hits you from afar with a +4 trident.
* * * LOW HITPOINT WARNING * * *
Okay, then.
Aiming: Charm
Press: ? - help, Shift-Dir - straight line, f - wight
Aim: a wight, wielding a +4 trident and wearing a +0 robe (chance to affect: 49%)
The wight resists with some effort.
The wight hits you but does no damage. The wight closely misses you.
Really read the scroll of vulnerability?
As you read the scroll of vulnerability, it crumbles to dust.
Magic quickly surges around you.
The wight hits you with a +0 morningstar.
* * * LOW HITPOINT WARNING * * *
The wight hits you but does no damage.
Aiming: Charm
Press: ? - help, Shift-Dir - straight line, f/p - wight
Aim: a wight, wielding a +4 trident and wearing a +0 robe (weak-willed, chance to affect: 57%)
The wight resists with significant effort.
The wight barely misses you.
The wight hits you with a +0 morningstar.
* * * LOW HITPOINT WARNING * * *
Aiming: Charm
Press: ? - help, Shift-Dir - straight line, f/p - wight
Aim: a wight, wielding a +4 trident and wearing a +0 robe (weak-willed, chance to affect: 57%)
The wight resists with significant effort.
The wight hits you with a +0 morningstar.
* * * LOW HITPOINT WARNING * * *
The wight hits you from afar with a +4 trident.
You die...
Your body crumbles into a pile of gold.

***** **,,,** *,***,**
###*******,* *,,,
#..,,,,,,,,***,,,
#.#********,,,*** *** #.#
*****,** * **,**
##z######.,,*,* *
**,,.######@.z......*,*,*
*
*,,,.>......$#######*,*,*
* **,,.######.## ********
**,** #.# *,,,,,, *,* #.#
*,,,~,, #.#######.#
***,,~,~, #.........#
*$+,~,~$~ ###.###...#
*,*,,~,~, *,* #..!#
*,*,,,~,,


You could see 2 wights.

Vanquished Creatures
  An ogre (D:5)
  A wight (D:5)
  An orc priest (D:5)
  An iguana (D:4)
  6 orc wizards
  4 gnolls (D:5)
  7 adders
  4 river rats
  A worm (D:4)
  4 dart slugs
  20 orcs
  9 ball pythons
  7 bats
  6 endoplasms
  2 giant cockroaches
  10 goblins
  3 hobgoblins
  4 jackals (D:3)
  5 quokkas
  9 frilled lizards
  6 kobolds
  14 rats
125 creatures vanquished.

Vanquished Creatures (collateral kills)
  A hound (D:4)
  An iguana (D:4)
  2 quokkas (D:4)
4 creatures vanquished.

Vanquished Creatures (others)
  6 fungi (D:5)
  3 plants (D:1)
9 creatures vanquished.

Grand Total: 138 creatures vanquished

Notes
Turn   | Place    | Note
-------+----------+-------------------------------------------
     0 | D:1      | concernfroge the Mummy Monk began the quest for the Orb.
     0 | D:1      | Reached XP level 1. HP: 18/18 MP: 1/1
   207 | D:1      | Reached XP level 2. HP: 24/24 MP: 2/2
   339 | D:1      | Reached skill level 4 in Fighting
   358 | D:1      | Found a faded altar of an unknown god.
   706 | D:2      | Gained mutation: You are in touch with the powers of death.
                  | [Mummy growth]
   706 | D:2      | Reached XP level 3. HP: 30/30 MP: 3/3
  1617 | D:2      | Found a runed translucent door.
  1618 | D:2      | Noticed Crazy Yiuf
  2022 | D:3      | Reached XP level 4. HP: 32/38 MP: 4/4
  2112 | D:3      | Reached skill level 5 in Fighting
  3319 | D:4      | Reached XP level 5. HP: 45/46 MP: 5/5
  3456 | D:4      | Reached skill level 6 in Fighting
  3463 | D:4      | Found a glowing drain.
  3467 | Sewer    | Entered a sewer
  4015 | D:4      | Reached XP level 6. HP: 51/53 MP: 6/6
  4106 | D:4      | Reached skill level 7 in Fighting
  4107 | D:4      | Found a staircase to the Ecumenical Temple.
  4152 | Temple   | Entered the Ecumenical Temple
  4344 | Temple   | Became a worshipper of Gozag Ym Sagoz the Greedy
  4359 | D:4      | Noticed Pargi
  4394 | D:4      | Found a burning altar of Makhleb.
  4467 | D:5      | Entered Level 5 of the Dungeon
  4579 | D:5      | Reached skill level 8 in Fighting
  4580 | D:5      | Reached XP level 7. HP: 57/62 MP: 7/7
  4749 | D:5      | HP: 1/63 [wight/+0 morningstar (5)]
  4749 | D:5      | Slain by a wight

Illustrated notes

Levels and vault maps discovered:
D:1:      dpeg_arrival_rooms_a, layout_basic,
          dreamdust_ecumenical_altar_hidden_monk_grotto
D:2:      layout_basic, uniq_crazy_yiuf_cottage
D:3:      layout_loops_corners, hangedman_feature_mirror
D:4:      layout_basic, makhleb_heckhound_becter, temple_fountains,
          gup_sewer_entry_spiral, uniq_pargi, uniq_edmund
D:5:      layout_loops_ring, mainiacjoe_overflow_alcove_4, wad_floor_pattern_2,
          kennysheep_generic_room_10
Temple:   lightli_temple_of_artemis

Skill      XL: |  1  2  3  4  5  6 |
---------------+-------------------+-----
Fighting       | 4 5 6 8 |  8.6
Polearms       | |  2.4
Dodging        | |  2.4
Stealth        | |  1.5

Action                   |  1- 3 |  4- 6 |  7- 9 || total
-------------------------+-------+-------+-------++-------
Melee: Spear             |    19 |       |       ||    19
       War axe           |    56 |   211 |    25 ||   292
Throw: Boomerang         |     2 |     4 |       ||     6
       Dart              |       |     3 |       ||     3
Evoke: Wand              |       |     2 |     3 ||     5
  Use: Scroll            |       |     6 |     3 ||     9
 Stab: Sleeping          |     4 |       |       ||     4
Armor: Robe              |     5 |       |       ||     5
       Ring mail         |    17 |       |       ||    17
       Scale mail        |     9 |    14 |       ||    23
       Chain mail        |       |   125 |    19 ||   144
Dodge: Dodged            |    44 |    99 |    14 ||   157
